Map: [ESL] Curious Minds

Players

Elazer

  • Race: Zerg Zerg

herO - Winner!

  • Race: Protoss Protoss

Event: IEM Katowice 2022

VOD

Have the link to the VOD?

Description

Time

  • Played on: Feb. 23, 2022, 9:14 a.m.
  • Length: 8:05

All games in this series

Show
View Real Time Build Order
Export as new Build Order

Elazer Zerg 

Build Orders: Hatch First 

Get SALT Encoding   

  12  0:00  Drone  
  13  0:11  Overlord  
  13  0:16  Drone  
  14  0:30  Drone x2  
  16  0:47  Hatchery  
  15  0:50  Drone  
  15  0:54  Drone  
  17  0:57  Drone  
  18  1:08  Extractor  
  17  1:13  Spawning Pool  
  17  1:17  Drone  
  17  1:20  Drone  
  18  1:28  Drone  
  19  1:39  Drone  
  20  1:49  Overlord  
  20  2:00  Queen x2  
  20  2:01  Drone, Zergling x2  
  26  2:10  Zergling x2  
  26  2:12  Drone  
  26  2:14  Metabolic Boost  
  28  2:21  Drone x2  
  30  2:31  Drone  
  30  2:32  Drone  
  30  2:36  Queen  
  34  2:45  Drone  
  34  2:46  Overlord  
  35  2:53  Hatchery  
  35  2:57  Drone  
  35  2:58  Drone  
  36  3:06  Queen  
  36  3:08  Drone x2  
  36  3:11  Drone x2  
  42  3:17  Queen  
  44  3:20  Overlord  
  44  3:24  Overlord  
  44  3:39  Drone  
  44  3:40  Drone x7  
  52  3:45  Queen  
  54  3:48  Overlord  
  54  3:50  Drone  
  54  3:54  Overlord  
  55  4:03  Roach Warren  
  55  4:04  Zergling x6  
  55  4:09  Zergling x4  
  59  4:12  Zergling x2  
  59  4:13  Zergling x6  
  63  4:22  Zergling x4  
  63  4:23  Queen  
  67  4:25  Overlord  
  67  4:29  Zergling x8  
  71  4:34  Zergling x4  
  72  4:38  Zergling x2  
  72  4:39  Zergling x2  
  74  4:46  Roach x3  
  74  4:50  Overlord  
  80  4:53  Overlord  
  80  4:54  Roach  
  80  4:58  Spore Crawler  
  80  4:59  Spore Crawler  
  80  5:00  Roach  
  82  5:09  Drone  
  83  5:17  Roach, Zergling x16  
  83  5:18  Queen x2  
  97  5:31  Overlord  
  97  5:32  Overlord  
  97  5:45  Drone, Overlord  
  97  5:49  Queen  
  100  5:55  Overlord  
  100  5:59  Drone x7  
  100  6:00  Lair, Drone x3  
  100  6:03  Extractor  
  108  6:07  Drone x3  
  108  6:10  Overlord  
  111  6:11  Queen  
  111  6:17  Overlord  
  111  6:18  Drone  
  114  6:20  Extractor  
  114  6:24  Ravager x2  
  115  6:25  Zergling x2  
  115  6:26  Zergling x10  
  121  6:38  Roach x3  
  117  6:46  Zergling x8  
  100  6:50  Queen, Zergling x4  
  100  6:51  Queen  
  97  6:57  Roach x2  
  97  7:00  Zergling x6  
  97  7:02  Queen  
  97  7:05  Zergling x4  
  90  7:09  Zergling x2  
  89  7:16  Zergling x4  
  85  7:25  Zergling x2  
  85  7:26  Queen  
  85  7:28  Zergling x4  
  80  7:31  Zergling x2  
  76  7:39  Zergling x4  
Show
View Real Time Build Order
Export as new Build Order

herO Protoss - Winner!

Build Orders: 1 Gate Expand, Mass Adepts 

Get SALT Encoding   

  12  0:00  Probe  
  13  0:12  Probe  
  14  0:17  Pylon  
  14  0:24  Probe (Chrono Boost)  
  16  0:36  Probe (Chrono Boost)  
  16  0:43  Gateway, Probe (Chrono Boost)  
  16  0:48  Assimilator  
  17  0:50  Probe  
  18  1:03  Probe  
  19  1:15  Probe  
  20  1:25  Nexus  
  20  1:35  Cybernetics Core  
  20  1:38  Probe  
  21  1:46  Assimilator  
  21  1:50  Probe  
  21  1:53  Pylon  
  22  2:02  Probe  
  22  2:08  Warp Gate (Chrono Boost)  
  23  2:11  Adept  
  23  2:14  Probe (Chrono Boost)  
  27  2:23  Probe (Chrono Boost)  
  27  2:25  Twilight Council  
  27  2:30  Probe (Chrono Boost)  
  28  2:37  Probe (Chrono Boost)  
  28  2:41  Adept  
  32  2:46  Probe x2 (Chrono Boost)  
  33  2:51  Probe (Chrono Boost)  
  33  2:54  Gateway  
  33  2:56  Resonating Glaives (Chrono Boost)  
  34  3:00  Gateway  
  34  3:07  Probe x2  
  34  3:11  Adept  
  38  3:19  Probe x2  
  40  3:22  Robotics Facility  
  40  3:26  Pylon  
  40  3:31  Probe x2  
  42  3:37  Pylon  
  42  3:43  Probe x2  
  42  3:48  Stalker  
  46  3:50  Adept  
  46  3:54  Adept  
  50  3:55  Probe x2  
  50  4:01  Pylon  
  52  4:07  Warp Prism (Chrono Boost)  
  52  4:15  Adept x3  
  60  4:24  Pylon  
  60  4:31  Gateway  
  60  4:34  Gateway  
  60  4:35  Gateway  
  60  4:36  Observer (Chrono Boost)  
  61  4:41  Pylon  
  61  4:47  Adept x3  
  67  4:54  Immortal (Chrono Boost)  
  71  5:18  Adept x3  
  77  5:21  Nexus  
  77  5:26  Pylon  
  77  5:28  Immortal (Chrono Boost)  
  81  5:51  Adept x6  
  81  5:55  Pylon  
  92  6:14  Pylon  
  92  6:18  Adept x5  
  92  6:23  Charge (Chrono Boost)  
  92  6:24  Pylon  
  97  6:41  Zealot x2, Adept x4  
  97  6:43  Probe x2  
  91  6:55  Probe x2  
  89  7:02  Adept x4  
  89  7:03  Adept  
  89  7:04  Zealot  
  89  7:07  Probe  
  89  7:08  Probe  
  103  7:09  Probe  
  102  7:29  Zealot x6  
  104  7:50  Zealot  
  104  7:51  Zealot x5  

Tags
 
Add a new tag
Caveats
  • Supply blocks, unpowered buildings, or Contaminate may cause inaccurate times.
  • Supply counts are checked every 10 seconds.